 Dungeon Crawl Stone Soup version 0.32-a0-20-ge526923d97 (console) character file.

Game seed: 4836660915008509522

8895 jejorda2 the Cleaver (level 11, -8/89 HPs)
             Began as a Gnoll Berserker on Jan 17, 2024.
             Was an Elder of Trog.
             Mangled by Snorg (18 damage)
             ... on level 10 of the Dungeon.
             The game lasted 00:22:28 (11158 turns).

jejorda2 the Cleaver (Gnoll Berserker)             Turns: 11158, Time: 00:22:32

Health: -8/89      AC: 20    Str: 20    XL:     11   Next: 38%
Magic:  20/20      EV:  9    Int:  7    God:    Trog [****..]
Gold:   585        SH:  0    Dex: 12    Spells: 22/22 levels left

rFire   + . .        a - +0 battleaxe
rCold   . . .        (shield currently unavailable)
rNeg    . . .        w - +1 plate armour {rF+}
rPois   .            E - +0 helmet
rElec   .            k - +0 cloak
rCorr   .            i - +2 pair of gloves
SInv    .            (no boots)
Will    .....        C - amulet of the acrobat Stlth
                     j - ring of flight
HPRegen 0.34/turn    (no ring)
MPRegen 0.17/turn

%: acrobat
@: on berserk cooldown, flying, slowed, very slow
A: fangs 1, strong nose, distributed training
a: Renounce Religion, Berserk, Trog's Hand, Brothers in Arms


You were on level 10 of the Dungeon.
You worshipped Trog.
Trog was greatly pleased with you.
You visited 1 branch of the dungeon, and saw 10 of its levels.
You also visited: Bailey.

You collected 609 gold pieces.
You spent 24 gold pieces at shops.

Inventory:

Hand Weapons
 a - a +0 battleaxe (weapon)
 b - a +0 morningstar
Missiles
 d - 7 boomerangs
 A - 17 poisoned darts (quivered)
 F - a curare-tipped dart
Armour
 i - a +2 pair of gloves (worn)
 k - a +0 cloak (worn)
 w - a +1 plate armour of fire resistance (worn)
 E - a +0 helmet (worn)
Jewellery
 j - a ring of flight (left hand)
 C - an amulet of the acrobat (around neck)
Wands
 g - a wand of flame (5)
 y - a wand of light (5)
 B - a wand of digging (4)
 G - a wand of paralysis (17)
Scrolls
 e - 5 scrolls of identify
 l - 3 scrolls of enchant weapon
 m - a scroll of poison
 q - 2 scrolls of teleportation
 x - a scroll of enchant armour
Potions
 c - 2 potions of mutation
 f - 3 potions of cancellation
 h - 4 potions of haste
 n - a potion of lignification
 o - 5 potions of invisibility
 p - a potion of attraction
 r - 3 potions of brilliance
 t - 2 potions of magic
 u - a potion of resistance {unknown}
 v - 2 potions of curing
 z - 5 potions of might
 D - 8 potions of heal wounds


   Skills:
 + Level 9.3 Fighting
 + Level 6.4 Short Blades
 + Level 6.4 Long Blades
 + Level 9.3 Axes
 + Level 6.4 Maces & Flails
 + Level 6.4 Polearms
 + Level 6.4 Staves
 + Level 6.4 Ranged Weapons
 + Level 6.4 Throwing
 + Level 8.0 Armour
 + Level 8.0 Dodging
 + Level 6.4 Stealth
 + Level 6.4 Shields
 + Level 6.4 Unarmed Combat
 + Level 6.4 Spellcasting
 + Level 5.3 Conjurations
 + Level 5.3 Hexes
 + Level 5.3 Summonings
 + Level 5.3 Necromancy
 + Level 5.3 Translocations
 + Level 5.3 Fire Magic
 + Level 5.3 Ice Magic
 + Level 5.3 Air Magic
 + Level 5.3 Earth Magic
 + Level 5.3 Alchemy
 + Level 7.1 Invocations
 + Level 6.4 Evocations
 + Level 5.9 Shapeshifting


You had 22 spell levels left.
You didn't know any spells.
Your spell library was empty.

Dungeon Overview and Level Annotations

Branches:
Dungeon (10/15)            Temple (0/1) D:5             Orc (0/2) D:10
 Bailey (visited)
   Lair: D:8-11

Altars:
Gozag
Hepliaklqana
Kikubaaqudgha
Makhleb
Nemelex Xobeh
Okawaru
Sif Muna
Trog
Uskayaw
Vehumet
Xom
Zin
The Shining One

Shops:
D:5 (*

Annotations:
D:10 Snorg


Innate Abilities, Weirdness & Mutations

You have very sharp teeth.
Your uncanny sense of smell can sniff out nearby items.
Your experience applies equally to all skills.


Message History

You barely miss Snorg.
Snorg is lightly wounded.
Snorg bites you! Snorg completely misses you. Snorg barely misses you.
Snorg bites you! Snorg claws you but does no damage. Snorg claws you!
You hit Snorg. You bite Snorg!
Snorg is lightly wounded.
Snorg closely misses you. Snorg claws you. Snorg claws you but does no damage.
You barely miss Snorg.
Snorg is lightly wounded.
Snorg closely misses you.
Snorg claws you! x2; Snorg closely misses you.
Snorg claws you!
* * * LOW HITPOINT WARNING * * *
Snorg claws you but does no damage.
You slice Snorg!!
Snorg is moderately wounded.
You are no longer berserk.
You are exhausted.
You feel as though you will be slow longer.
Snorg bites you!
* * * LOW HITPOINT WARNING * * *
Snorg claws you but does no damage. Snorg claws you.
* * * LOW HITPOINT WARNING * * *
Snorg bites you.
* * * LOW HITPOINT WARNING * * *
Snorg closely misses you. Snorg claws you but does no damage.
Unknown command.
Aiming: Paralyse
Press: ? - help, Shift-Dir - straight line, f - Snorg
Aim: Snorg (moderately wounded, berserk, chance to affect: 29%)
Okay, then.
Unknown command.
Okay, then.
Unknown command.
Throw: throwing net
Press: ? - help, Shift-Dir - straight line, f - Snorg
Aim: Snorg (moderately wounded, berserk, 63% to hit)
You throw a throwing net. The throwing net closely misses Snorg.
Snorg barely misses you. x2; Snorg claws you but does no damage.
Snorg bites you!!
You die...

#.# #.# ≈ #.#
≈≈ #.# §_≈ #.#
≈.§≈ #.# ≈.§§.
#>#
≈.§§..###.#####
(..§..T@..$...#
.8.≈.########.#
... #


You could see Snorg (berserk).

Vanquished Creatures
  Gastronok (D:8)
  An orc knight (Bailey)
  A gargoyle (D:10)
  Jeremiah (D:6)
  3 trolls
  Sigmund (D:3)
  A shadow (D:10)
  A wraith (D:10)
  2 wyverns
  6 yaks (D:9)
  A steam dragon (D:7)
  2 orc warriors
  2 ice beasts (D:6)
  4 black bears
  2 ogres
  5 centaurs
  2 phantoms
  A kobold brigand (D:10)
  6 bullfrogs
  6 gnoll sergeants
  4 scorpions
  4 wights
  2 vampire bats (D:3)
  4 howler monkeys
  A bombardier beetle (D:4)
  4 crimson imps (D:5)
  A hound (D:6)
  A jelly (D:6)
  7 orc priests
  A gnoll bouda (D:4)
  A sleepcap (D:5)
  4 iguanas
  8 orc wizards
  40 gnolls
  15 adders
  2 shadow imps (D:7)
  2 ufetubi (D:6)
  2 dart slugs
  3 ribbon worms
  63 orcs
  8 ball pythons
  3 bat skeletons (D:3)
  2 bat zombies (D:3)
  7 endoplasms
  7 goblins
  6 hobgoblins
  17 jackals
  12 kobolds
  5 quokkas
  4 bats
  3 frilled lizards
  A goblin skeleton (D:7)
  A goblin zombie (D:7)
  A kobold zombie (D:7)
  3 orc skeletons (D:7)
  3 orc zombies (D:7)
  3 rats
304 creatures vanquished.

Vanquished Creatures (collateral kills)
  2 gnolls (Bailey)
2 creatures vanquished.

Grand Total: 306 creatures vanquished

Notes
Turn   | Place    | Note
-------+----------+-------------------------------------------
     0 | D:1      | jejorda2 the Gnoll Berserker began the quest for the Orb.
     0 | D:1      | Reached XP level 1. HP: 23/23 MP: 1/1
   326 | D:1      | Reached XP level 2. HP: 29/29 MP: 2/2
   743 | D:1      | Reached XP level 3. HP: 35/35 MP: 3/3
   869 | D:2      | Reached skill level 1 in Invocations
  1056 | D:2      | Reached ** piety under Trog
  1063 | D:2      | Reached skill level 1 in Short Blades
  1063 | D:2      | Reached skill level 1 in Long Blades
  1063 | D:2      | Reached skill level 1 in Maces & Flails
  1063 | D:2      | Reached skill level 1 in Polearms
  1063 | D:2      | Reached skill level 1 in Staves
  1063 | D:2      | Reached skill level 1 in Ranged Weapons
  1063 | D:2      | Reached skill level 1 in Throwing
  1063 | D:2      | Reached skill level 1 in Stealth
  1063 | D:2      | Reached skill level 1 in Shields
  1063 | D:2      | Reached skill level 1 in Unarmed Combat
  1063 | D:2      | Reached skill level 1 in Spellcasting
  1063 | D:2      | Reached skill level 1 in Evocations
  1115 | D:2      | Reached skill level 1 in Shapeshifting
  1115 | D:2      | Reached XP level 4. HP: 34/41 MP: 5/5
  1312 | D:2      | Reached skill level 1 in Conjurations
  1312 | D:2      | Reached skill level 1 in Hexes
  1312 | D:2      | Reached skill level 1 in Summonings
  1312 | D:2      | Reached skill level 1 in Necromancy
  1312 | D:2      | Reached skill level 1 in Translocations
  1312 | D:2      | Reached skill level 1 in Fire Magic
  1312 | D:2      | Reached skill level 1 in Ice Magic
  1312 | D:2      | Reached skill level 1 in Air Magic
  1312 | D:2      | Reached skill level 1 in Earth Magic
  1312 | D:2      | Reached skill level 1 in Alchemy
  1920 | D:3      | Reached XP level 5. HP: 47/47 MP: 7/7
  1952 | D:3      | Found a hazy altar of Hepliaklqana.
  1954 | D:3      | Found a shimmering blue altar of Sif Muna.
  2107 | D:3      | Noticed Sigmund
  2113 | D:3      | Killed Sigmund
  2114 | D:3      | Reached skill level 5 in Armour
  2114 | D:3      | Reached skill level 5 in Dodging
  2114 | D:3      | Reached XP level 6. HP: 49/53 MP: 7/9
  2446 | D:3      | Found an ancient bone altar of Kikubaaqudgha.
  2458 | D:3      | Reached XP level 7. HP: 51/60 MP: 10/10
  3436 | D:5      | Entered Level 5 of the Dungeon
  3436 | D:5      | Found Biruycidau's Antique Weapon Boutique.
  3472 | D:5      | Found a staircase to the Ecumenical Temple.
  3518 | D:5      | Found a burning altar of Makhleb.
  3532 | D:5      | Reached XP level 8. HP: 48/67 MP: 12/12
  3673 | D:5      | Found Weromeam's General Store.
  3677 | D:5      | Bought a scroll of identify for 24 gold pieces
  3950 | D:5      | Found a shimmering altar of Xom.
  3967 | D:5      | Reached *** piety under Trog
  4624 | D:6      | Noticed Jeremiah
  4827 | D:6      | Reached XP level 9. HP: 73/73 MP: 14/14
  5012 | D:6      | Found a radiant altar of Vehumet.
  5484 | D:6      | Killed Jeremiah
  5617 | D:6      | Noticed a troll
  5635 | D:6      | Killed a troll
  5636 | D:6      | Reached skill level 5 in Invocations
  5867 | D:6      | Found a glowing silver altar of Zin.
  6426 | D:7      | Reached **** piety under Trog
  6561 | D:7      | Reached skill level 5 in Short Blades
  6561 | D:7      | Reached skill level 5 in Long Blades
  6561 | D:7      | Reached skill level 5 in Maces & Flails
  6561 | D:7      | Reached skill level 5 in Polearms
  6561 | D:7      | Reached skill level 5 in Staves
  6561 | D:7      | Reached skill level 5 in Ranged Weapons
  6561 | D:7      | Reached skill level 5 in Throwing
  6561 | D:7      | Reached skill level 5 in Stealth
  6561 | D:7      | Reached skill level 5 in Shields
  6561 | D:7      | Reached skill level 5 in Unarmed Combat
  6561 | D:7      | Reached skill level 5 in Spellcasting
  6561 | D:7      | Reached skill level 5 in Evocations
  6561 | D:7      | Reached XP level 10. HP: 56/81 MP: 17/17
  6649 | D:7      | Identified the serpent talisman of Feasting {Will+ Str+3
                  | SInv}
  6890 | D:7      | Found a glowing golden altar of the Shining One.
  7172 | D:8      | Found a flagged portal.
  7196 | Bailey   | Entered a bailey
  7559 | Bailey   | Noticed an orc knight
  7574 | Bailey   | Killed an orc knight
  7575 | Bailey   | Reached skill level 5 in Shapeshifting
  8075 | D:8      | Noticed Gastronok
  8091 | D:8      | Killed Gastronok
  9337 | D:9      | Reached skill level 5 in Conjurations
  9337 | D:9      | Reached skill level 5 in Hexes
  9337 | D:9      | Reached skill level 5 in Summonings
  9337 | D:9      | Reached skill level 5 in Necromancy
  9337 | D:9      | Reached skill level 5 in Translocations
  9337 | D:9      | Reached skill level 5 in Fire Magic
  9337 | D:9      | Reached skill level 5 in Ice Magic
  9337 | D:9      | Reached skill level 5 in Air Magic
  9337 | D:9      | Reached skill level 5 in Earth Magic
  9337 | D:9      | Reached skill level 5 in Alchemy
  9466 | D:9      | Reached XP level 11. HP: 89/89 MP: 20/20
  9597 | D:9      | Found a hide-covered altar of Uskayaw.
  9673 | D:9      | Found a bloodstained altar of Trog.
 10613 | D:10     | Entered Level 10 of the Dungeon
 10949 | D:10     | Found an opulent altar of Gozag.
 11013 | D:10     | Found a staircase to the Orcish Mines.
 11090 | D:10     | Found a sparkling altar of Nemelex Xobeh.
 11143 | D:10     | Found an iron altar of Okawaru.
 11143 | D:10     | Noticed Snorg
 11158 | D:10     | Mangled by Snorg

Illustrated notes

Levels and vault maps discovered:
D:1:      lemuel_arrival_lava_pool, layout_basic, minmay_pentomino_z2
D:2:      kb_forest_paths, layout_basic, minmay_3d_cube
D:3:      layout_loops_ring, kennysheep_vampire_church,
          chequers_temple_overflow_statue_of_worship, uniq_sigmund
D:4:      layout_basic
D:5:      layout_rooms, bloody_makhleb, led_xom_imps, temple_fountains,
          serial_shops, nicolae_stop_n_shop_2, nicolae_shop_back_alley_shop,
          nicolae_elevator_lobby_plus
D:6:      layout_layer_cave, nicolae_vehumet_radiance, pf_just_have_faith,
          uniq_jeremiah
D:7:      layout_loops_cross, nicolae_tso_besieged_by_evil
D:8:      layout_loops_ring, enter_bailey_6, special_room [special_room_orc],
          patterned_corridor, uniq_gastronok
D:9:      layout_irregular_city, nicolae_uskayaw_murder_on_the_dancefloor,
          kennysheep_mini
D:10:     layout_loops_ring, mainiacjoe_overflow_catwalk,
          nemelex_diamond_rough_becter, grunt_gozag_breadcrumbs,
          marbit_many_paths, orc_0_dummy, uniq_snorg

Skill      XL: |  1  2  3  4  5  6  7  8  9 10 11 |
---------------+----------------------------------+-----
Invocations    | 1 2 3 4 5 6 7 |  7.1
Short Blades   | 1 2 3 5 6 |  6.4
Long Blades    | 1 2 3 5 6 |  6.4
Maces & Flails | 1 2 3 5 6 |  6.4
Polearms       | 1 2 3 5 6 |  6.4
Staves         | 1 2 3 5 6 |  6.4
Ranged Weapons | 1 2 3 5 6 |  6.4
Throwing       | 1 2 3 5 6 |  6.4
Stealth        | 1 2 3 5 6 |  6.4
Shields        | 1 2 3 5 6 |  6.4
Unarmed Combat | 1 2 3 5 6 |  6.4
Spellcasting   | 1 2 3 5 6 |  6.4
Evocations     | 1 2 3 5 6 |  6.4
Shapeshifting  | 1 2 3 4 5 |  5.9
Conjurations   | 1 2 3 4 5 |  5.3
Hexes          | 1 2 3 4 5 |  5.3
Summonings     | 1 2 3 4 5 |  5.3
Necromancy     | 1 2 3 4 5 |  5.3
Translocations | 1 2 3 4 5 |  5.3
Fire Magic     | 1 2 3 4 5 |  5.3
Ice Magic      | 1 2 3 4 5 |  5.3
Air Magic      | 1 2 3 4 5 |  5.3
Earth Magic    | 1 2 3 4 5 |  5.3
Alchemy        | 1 2 3 4 5 |  5.3
Armour         | 5 6 7 8 |  8.0
Dodging        | 5 6 7 8 |  8.0
Fighting       | 7 8 9 |  9.3
Axes           | 7 8 9 |  9.3

Action                     |  1- 3 |  4- 6 |  7- 9 | 10-12 || total
---------------------------+-------+-------+-------+-------++-------
  Melee: Hand axe          |    89 |   116 |       |       ||   205
         Bite              |     6 |    17 |    38 |    55 ||   116
         Punch             |     2 |     3 |     6 |       ||    11
         War axe           |       |    46 |   334 |   174 ||   554
         Battleaxe         |       |       |       |   270 ||   270
  Throw: Dart              |       |       |     5 |       ||     5
         Throwing net      |       |       |       |     1 ||     1
 Invoke: Berserk           |       |     1 |     7 |    10 ||    18
         Trog's Hand       |       |     1 |     2 |     3 ||     6
         Brothers in Arms  |       |       |       |     1 ||     1
  Evoke: Wand              |       |       |     2 |       ||     2
    Use: Scroll            |       |       |    22 |     5 ||    27
   Stab: Sleeping          |     1 |       |       |       ||     1
 Armour: Animal skin       |    20 |       |       |       ||    20
         Ring mail         |    11 |    69 |       |       ||    80
         Scale mail        |       |    31 |    21 |       ||    52
         Chain mail        |       |       |   278 |       ||   278
         Plate armour      |       |       |    26 |   505 ||   531
  Dodge: Dodged            |    59 |   108 |   179 |   239 ||   585
  Block: Buckler           |       |       |    15 |    44 ||    59

Table legend: (Time is in decaauts)
 A = Elapsed time spent in this place.
 B = Non-inter-level travel time spent in this place.
 C = Inter-level travel time spent in this place.
 D = Time resting spent in this place.
 E = Time spent auto-exploring this place.
 F = Levels seen in this place.
 G = Mean time per level.
                   A        B        C        D        E       F      G
               +--------+--------+--------+--------+--------+-----+--------+
         Total |  11426 |  10723 |    703 |    537 |   7862 |  11 | 1038.7 |
       Dungeon |  10805 |  10102 |    703 |    370 |   7615 |  10 | 1080.5 |
        Bailey |    621 |    621 |      0 |    167 |    247 |   1 |  621.0 |
               +--------+--------+--------+--------+--------+-----+--------+

Top non-repeatable levels by time:
     D:6: 1691 daAuts
     D:8: 1572 daAuts
     D:9: 1316 daAuts
     D:7: 1280 daAuts
     D:5: 976 daAuts
     D:4: 926 daAuts
     D:2: 889 daAuts
     D:1: 824 daAuts
     D:3: 824 daAuts
  Bailey: 621 daAuts
    D:10: 501 daAuts
